 Dungeon Crawl Stone Soup version 0.30.0-10-gfe55d96785 (webtiles) character file.

Game seed: 13037945334021662194

3994 AarnesTheHuman the Blocker (level 10, -13/82 HPs)
             Began as a Gnoll Fighter on May 15, 2023.
             Was a Priest of Okawaru.
             Mangled by a death yak (21 damage)
             ... on level 8 of the Dungeon.
             The game lasted 00:12:04 (7856 turns).

AarnesTheHuman the Blocker (Gnoll Fighter)          Turns: 7856, Time: 00:12:04

Health: -13/82     AC:  9    Str: 19    XL:     10   Next: 23%
Magic:  17/17      EV: 27    Int:  7    God:    Okawaru [***...]
Gold:   271        SH:  7    Dex: 20    Spells: 19/19 levels left

rFire   . . .        a - +6 trident of the Elven Halls {freeze, Dex+7}
rCold   . . .        c - +0 buckler
rNeg    . . .        i - +1 scale mail
rPois   .            (no helmet)
rElec   .            (no cloak)
rCorr   .            (no gloves)
SInv    .            (no boots)
Will    .....        y - amulet of the acrobat
Stlth   ++           (no ring)
HPRegen 0.33/turn    (no ring)
MPRegen 0.15/turn

%: acrobat
@: acrobatic
A: fangs 1, strong nose, distributed training
a: Renounce Religion, Heroism


You were on level 8 of the Dungeon.
You worshipped Okawaru.
Okawaru was most pleased with you.
You visited 2 branches of the dungeon, and saw 9 of its levels.

You collected 271 gold pieces.

Inventory:

Hand Weapons
 a - the +6 trident of the Elven Halls (weapon) {freeze, Dex+7}
   (You found it on level 7 of the Dungeon)

   Dex:       It affects your dexterity (+7).
 b - the +1 scimitar of the Wizarding Gods {speed, rF+}
   (You acquired it on level 4 of the Dungeon)

   rF:        It protects you from fire.
 n - a +1 whip of freezing
 w - a +0 flail of holy wrath
 x - a +3 whip of draining
 K - a +5 war axe
Missiles
 m - 63 stones (quivered)
 v - a throwing net
Armour
 c - a +0 buckler (worn)
 i - a +1 scale mail (worn)
 J - a +1 ring mail of poison resistance
Magical Staves
 o - a staff of cold
Jewellery
 f - a ring of flight
 s - an amulet of faith
 y - an amulet of the acrobat (around neck)
 A - a ring of magical power
 E - a +6 ring of intelligence
 G - a ring of protection from cold
 I - an amulet of guardian spirit
Wands
 k - a wand of iceblast (12)
 q - a wand of polymorph (11)
 z - a wand of flame (4)
Scrolls
 e - a scroll of poison
 j - a scroll of immolation
 r - 2 scrolls of enchant armour
 C - 3 scrolls of identify
 H - 3 scrolls of teleportation
Potions
 d - 2 potions of might
 g - 2 potions of degeneration {unknown}
 h - 3 potions of invisibility {unknown}
 l - 4 potions of curing
 p - a potion of berserk rage {unknown}
 t - a potion of lignification {unknown}
 u - 4 potions of mutation
 B - a potion of attraction
 D - a potion of resistance {unknown}
 F - a potion of heal wounds


   Skills:
 + Level 8.5 Fighting
 + Level 5.2 Short Blades
 + Level 5.2 Long Blades
 + Level 7.1 Axes
 + Level 5.2 Maces & Flails
 + Level 5.2 Polearms
 + Level 5.2 Staves
 + Level 5.2 Ranged Weapons
 + Level 5.2 Throwing
 + Level 8.5 Armour
 + Level 5.2 Dodging
 + Level 5.2 Stealth
 + Level 8.5 Shields
 + Level 5.2 Unarmed Combat
 + Level 5.2 Spellcasting
 + Level 4.3 Conjurations
 + Level 4.3 Hexes
 + Level 4.3 Summonings
 + Level 4.3 Necromancy
 + Level 4.3 Translocations
 + Level 4.3 Transmutations
 + Level 4.3 Fire Magic
 + Level 4.3 Ice Magic
 + Level 4.3 Air Magic
 + Level 4.3 Earth Magic
 + Level 4.3 Poison Magic
 + Level 5.8 Invocations
 + Level 5.2 Evocations


You had 19 spell levels left.
You didn't know any spells.
Your spell library contained the following spells:

 Spells                   Type           Power      Damage    Failure   Level
 Magic Dart               Conj           28%        1d4       14%         1
 Necrotise                Necr           28%        1d5       14%         1
 Sting                    Tmut/Pois      28%        1d4       14%         1
 Blink                    Tloc           14%        N/A       22%         2
 Ensorcelled Hibernation  Hex/Ice        14%        N/A       22%         2
 Lesser Beckoning         Tloc           14%        N/A       22%         2
 Poisonous Vapours        Pois/Air       14%        N/A       22%         2
 Gell's Gravitas          Tloc           7%         N/A       38%         3
 Mephitic Cloud           Conj/Pois/Air  7%         N/A       38%         3
 Portal Projectile        Hex/Tloc       14%        N/A       38%         3
 Spider Form              Tmut/Pois      7%         N/A       38%         3
 Teleport Other           Tloc           7%         N/A       38%         3
 Vampiric Draining        Necr           7%         2d6       38%         3
 Anguish                  Hex/Necr       3%         N/A       80%         4
 Manifold Assault         Tloc           7%         N/A       80%         4
 Olgreb's Toxic Radiance  Pois           7%         N/A       80%         4
 Agony                    Necr           7%         N/A       98%         5
 Alistair's Intoxication  Tmut/Pois      4%         N/A       98%         5
 Blade Hands              Tmut           3%         N/A       98%         5
 Borgnjor's Vile Clutch   Necr/Erth      3%         N/A       98%         5
 Dispersal                Tloc           3%         N/A       100%        6
 Eringya's Noxious Bog    Tmut/Pois      3%         N/A       100%        6
 Storm Form               Tmut/Air       3%         N/A       100%        7
 Call Imp                 Summ           Unusable   N/A       N/A         2
 Tukima's Dance           Hex            Unusable   N/A       N/A         3

Dungeon Overview and Level Annotations

Branches:
Dungeon (8/15)             Temple (1/1) D:5
   Lair: D:8-11

Altars:
Ashenzari
Cheibriados
Dithmenos
Elyvilon
Fedhas
Gozag
Hepliaklqana
Kikubaaqudgha
Nemelex Xobeh
Okawaru
Qazlal
Ru
Trog
Uskayaw
Vehumet
Wu Jian
Xom
Yredelemnul
Zin
The Shining One

Shops:
D:2 (   D:5 [   D:7 *!


Innate Abilities, Weirdness & Mutations

You have very sharp teeth.
Your uncanny sense of smell can sniff out nearby items.
Your experience applies equally to all skills.


Message History

Press: ? - help, Dir - move target, f/p - gnoll
Aim: a gnoll, wielding a +0 club (heavily wounded, about 25% to evade the +6 trident of the Elven Halls)
You puncture the gnoll! You freeze the gnoll.
You kill the gnoll!
Okawaru accepts your kill.
Things that are here:
a +0 club; a gnoll corpse You enter the shallow water.
Moving in this stuff is going to be slow.
l - 4 potions of curing (gained 1)
Items here: ))) [ †††. 2 yaks and a death yak come into view.
The yak bellows! x2; The death yak bellows!
You hear a bellow! x2
A yak comes into view.
The yak moves out of view.
You hear a bellow!
You hear a shout!
The yak bellows!
The death yak attacks as you move away! The death yak misses you.
The death yak attacks as you move away! The death yak completely misses you.
The death yak attacks as you move away! The death yak barely misses you.
The death yak attacks as you move away! The death yak misses you.
The death yak attacks as you move away! The death yak barely misses you.
The death yak attacks as you move away! The death yak gores you!!
The yak snorts and paws the ground.
The death yak attacks as you move away! The death yak barely misses you.
The death yak attacks as you move away! The death yak completely misses you.
The death yak attacks as you move away! The death yak gores you!
* * * LOW HITPOINT WARNING * * *
You enter the shallow water.
Moving in this stuff is going to be slow.
You hear the hiss of a very distant avalanche of sand.
Items here: ))) [ †††.
The death yak gores you!!
* * * LOW HITPOINT WARNING * * *
Things that are here:
a +0 club; a gnoll corpse You see here 10 gold pieces.
The yak snorts and paws the ground.
The death yak gores you!!
You die...

.........)........>####.#
###.......########.# #.#
###.......# #.# #.#
#.........# #.# #.#
#.######### #.# #.# #.#
#############.####.##
#.####.....#.....#.......#
....##...........##..#####
##..............@....##..#
.................Y.......#
......###########.Y......#
......#Y# #...Y....##
......#Y# #∆ ##...)...≈##
≈≈....#z#.#.#.# #..≈Y..≈≈≈#
≈≈≈...'..YYY....##≈≈≈)~≈≈≈≈#
≈≈≈≈≈~'~~~~~~~~≈≈≈≈≈Y≈≈≈.#≈#
≈≈≈..YY....Y....##Y...≈..###


You could see a death yak and 4 yaks.

Vanquished Creatures
  Pikel (D:4)
  Psyche (D:8)
  An unseen horror (D:7)
  2 yaks (D:8)
  A sky beast (D:7)
  An ice beast (D:6)
  3 orc warriors
  2 centaurs
  An ogre (D:5)
  A phantom (D:5)
  A kobold brigand (D:6)
  4 bullfrogs
  A gnoll sergeant (D:5)
  4 scorpions
  9 wights
  A howler monkey (D:6)
  3 hounds
  4 orc priests
  2 jellies
  A gnoll bouda (D:8)
  4 iguanas
  Ijyb (D:3)
  3 orc wizards
  13 gnolls
  10 adders
  A shadow imp (D:5)
  A white imp (D:6)
  2 ufetubi
  4 dart slugs
  25 orcs
  5 ball pythons
  5 endoplasms
  4 giant cockroaches
  12 goblins
  9 hobgoblins
  2 jackals (D:1)
  8 kobolds
  3 quokkas
  5 bats
  3 frilled lizards
  6 rats
170 creatures vanquished.

Vanquished Creatures (others)
  An orc wizard (D:6)
1 creature vanquished.

Grand Total: 171 creatures vanquished

Notes
Turn   | Place    | Note
-------+----------+-------------------------------------------
     0 | D:1      | AarnesTheHuman the Gnoll Fighter began the quest for the
                  | Orb.
     0 | D:1      | Reached XP level 1. HP: 23/23 MP: 1/1
    54 | D:1      | Reached XP level 2. HP: 27/29 MP: 2/2
   405 | D:1      | Reached XP level 3. HP: 35/35 MP: 3/3
   609 | D:1      | Reached skill level 1 in Invocations
   900 | D:2      | Found a white marble altar of Elyvilon.
   929 | D:2      | Reached skill level 1 in Short Blades
   929 | D:2      | Reached skill level 1 in Long Blades
   929 | D:2      | Reached skill level 1 in Maces & Flails
   929 | D:2      | Reached skill level 1 in Polearms
   929 | D:2      | Reached skill level 1 in Staves
   929 | D:2      | Reached skill level 1 in Ranged Weapons
   929 | D:2      | Reached skill level 1 in Throwing
   929 | D:2      | Reached skill level 1 in Dodging
   929 | D:2      | Reached skill level 1 in Stealth
   929 | D:2      | Reached skill level 1 in Unarmed Combat
   929 | D:2      | Reached skill level 1 in Spellcasting
   929 | D:2      | Reached skill level 1 in Evocations
   929 | D:2      | Reached XP level 4. HP: 26/41 MP: 5/5
  1042 | D:2      | Reached skill level 1 in Conjurations
  1042 | D:2      | Reached skill level 1 in Hexes
  1042 | D:2      | Reached skill level 1 in Summonings
  1042 | D:2      | Reached skill level 1 in Necromancy
  1042 | D:2      | Reached skill level 1 in Translocations
  1042 | D:2      | Reached skill level 1 in Transmutations
  1042 | D:2      | Reached skill level 1 in Fire Magic
  1042 | D:2      | Reached skill level 1 in Ice Magic
  1042 | D:2      | Reached skill level 1 in Air Magic
  1042 | D:2      | Reached skill level 1 in Earth Magic
  1042 | D:2      | Reached skill level 1 in Poison Magic
  1064 | D:2      | Found a faded altar of an unknown god.
  1306 | D:2      | Found Laugg's Weapon Boutique.
  1313 | D:2      | Reached XP level 5. HP: 47/47 MP: 5/7
  1595 | D:3      | Found a faded altar of an unknown god.
  1602 | D:3      | Found a radiant altar of Vehumet.
  1812 | D:3      | Noticed Ijyb
  1848 | D:3      | Killed Ijyb
  1976 | D:3      | Reached XP level 6. HP: 45/53 MP: 8/8
  1981 | D:3      | Reached skill level 5 in Axes
  2501 | D:4      | Identified a scroll of acquirement
  2501 | D:4      | Acquired the +1 scimitar of the Wizarding Gods {speed, rF+}
  2733 | D:4      | Noticed Pikel
  2755 | D:4      | Killed Pikel
  2756 | D:4      | Reached XP level 7. HP: 49/60 MP: 9/11
  3256 | D:5      | Entered Level 5 of the Dungeon
  3286 | D:5      | Found Afasaad's Antique Armour Boutique.
  3495 | D:5      | Reached XP level 8. HP: 62/67 MP: 12/12
  3530 | D:5      | Found a staircase to the Ecumenical Temple.
  3539 | Temple   | Entered the Ecumenical Temple
  3664 | Temple   | Became a worshipper of Warmaster Okawaru
  4205 | D:6      | Found an ornate altar of the Wu Jian Council.
  4536 | D:5      | Reached * piety under Okawaru
  4884 | D:5      | Reached XP level 9. HP: 34/73 MP: 14/14
  6255 | D:7      | Identified the +6 trident of the Elven Halls {freeze,
                  | Dex+7}
  6345 | D:6      | Reached ** piety under Okawaru
  6579 | D:7      | Found a bloodstained altar of Trog.
  6579 | D:7      | Found a blossoming altar of Fedhas.
  6582 | D:7      | Found a broken altar of Ashenzari.
  6611 | D:7      | Killed an unseen horror
  6612 | D:7      | Reached skill level 5 in Invocations
  6684 | D:7      | Found Gudghuent's Distillery.
  7089 | D:7      | Found an ancient bone altar of Kikubaaqudgha.
  7089 | D:7      | Found a hide-covered altar of Uskayaw.
  7092 | D:7      | Found a stormy altar of Qazlal.
  7094 | D:7      | Found an opulent altar of Gozag.
  7136 | D:7      | Found Sunipari's General Store.
  7146 | D:7      | Found a basalt altar of Yredelemnul.
  7226 | D:7      | HP: 1/66 [wight/+5 war axe (6)]
  7235 | D:7      | HP: 1/66 [wight/+5 war axe (6)]
  7720 | D:8      | Reached skill level 5 in Short Blades
  7720 | D:8      | Reached skill level 5 in Long Blades
  7720 | D:8      | Reached skill level 5 in Maces & Flails
  7720 | D:8      | Reached skill level 5 in Polearms
  7720 | D:8      | Reached skill level 5 in Staves
  7720 | D:8      | Reached skill level 5 in Ranged Weapons
  7720 | D:8      | Reached skill level 5 in Throwing
  7720 | D:8      | Reached skill level 5 in Dodging
  7720 | D:8      | Reached skill level 5 in Stealth
  7720 | D:8      | Reached skill level 5 in Unarmed Combat
  7720 | D:8      | Reached skill level 5 in Spellcasting
  7720 | D:8      | Reached skill level 5 in Evocations
  7720 | D:8      | Reached XP level 10. HP: 75/79 MP: 17/17
  7766 | D:8      | Noticed Psyche
  7770 | D:8      | Killed Psyche
  7770 | D:8      | Reached *** piety under Okawaru
  7830 | D:8      | Noticed a death yak
  7856 | D:8      | Mangled by a death yak

Illustrated notes

Levels and vault maps discovered:
D:1:      scummos_arrival_hexagon, layout_basic
D:2:      minmay_general_purpose_star, layout_rooms, serial_shops,
          nicolae_shop_bloodbath_and_beyond, basic_altar,
          ebering_ecumenical_altar_box
D:3:      kennysheep_the_goblin_king, layout_loops_ring,
          nicolae_overflow_ecumenical_swirl
D:4:      layout_basic, uniq_pikel
D:5:      layout_rooms, minmay_temple_entry_gardened_gates, serial_shops, shop,
          roderic_serpentine_path
D:6:      layout_basic, nicolae_wu_jian_wuxing_cycle, minmay_microvault
D:7:      layout_basic, nicolae_overflow_hidden_temple, minitemple,
          serial_shops, nicolae_shop_industrial_runoff, shop
D:8:      argonaut_augean_stables, layout_basic,
          nicolae_ossuary_entry_catacombs, uniq_psyche
Temple:   hellmonk_temple_beads

Skill      XL: |  1  2  3  4  5  6  7  8  9 10 |
---------------+-------------------------------+-----
Invocations    | 1 2 3 4 5 |  5.8
Short Blades   | 1 2 3 5 |  5.2
Long Blades    | 1 2 3 5 |  5.2
Maces & Flails | 1 2 3 5 |  5.2
Polearms       | 1 2 3 5 |  5.2
Staves         | 1 2 3 5 |  5.2
Ranged Weapons | 1 2 3 5 |  5.2
Throwing       | 1 2 3 5 |  5.2
Dodging        | 1 2 3 5 |  5.2
Stealth        | 1 2 3 5 |  5.2
Unarmed Combat | 1 2 3 5 |  5.2
Spellcasting   | 1 2 3 5 |  5.2
Evocations     | 1 2 3 5 |  5.2
Conjurations   | 1 2 3 4 |  4.3
Hexes          | 1 2 3 4 |  4.3
Summonings     | 1 2 3 4 |  4.3
Necromancy     | 1 2 3 4 |  4.3
Translocations | 1 2 3 4 |  4.3
Transmutations | 1 2 3 4 |  4.3
Fire Magic     | 1 2 3 4 |  4.3
Ice Magic      | 1 2 3 4 |  4.3
Air Magic      | 1 2 3 4 |  4.3
Earth Magic    | 1 2 3 4 |  4.3
Poison Magic   | 1 2 3 4 |  4.3
Axes           | 5 6 7 |  7.1
Fighting       | 7 8 |  8.5
Armour         | 7 8 |  8.5
Shields        | 7 8 |  8.5

Action                     |  1- 3 |  4- 6 |  7- 9 | 10-12 || total
---------------------------+-------+-------+-------+-------++-------
  Melee: War axe           |    28 |       |       |       ||    28
         Mace              |    46 |   176 |       |       ||   222
         Bite              |     3 |    22 |    41 |     4 ||    70
         Scimitar          |       |    25 |   296 |       ||   321
         Trident           |       |       |    71 |    42 ||   113
 Invoke: Heroism           |       |       |     1 |     2 ||     3
  Evoke: Wand              |       |       |       |     2 ||     2
    Use: Scroll            |       |    10 |     1 |       ||    11
         Potion            |       |       |     2 |       ||     2
 Armour: Scale mail        |    30 |   101 |    92 |     4 ||   227
  Dodge: Dodged            |    23 |    87 |   206 |    16 ||   332
  Block: Buckler           |    28 |    61 |   104 |     9 ||   202
